 Dungeon Crawl Stone Soup version 0.28-a0-823-gb444dcf96d (webtiles) character file.

Game seed: 16747676356339429045

548 ragingrage the Spear-Bearer (level 7, -4/78 HPs)
             Began as a Merfolk Delver on Nov 9, 2021.
             Was a Priest of Zin.
             Slain by a killer bee (5 damage)
             ... on level 7 of the Dungeon.
             The game lasted 00:05:05 (4065 turns).

ragingrage the Spear-Bearer (Merfolk Delver)        Turns: 4065, Time: 00:05:06

Health: -4/78      AC:  7    Str: 14    XL:     7   Next: 28%
Magic:  7/7        EV: 12    Int: 10    God:    Zin [***...]
Gold:   210        SH:  0    Dex: 19    Spells: 6/6 levels left

rFire   . . .      SeeInvis .   w - +9 long sword "Yvotozu" {vorpal, rPois rC++ Dex+4}
rCold   + + .      Faith    .   (no shield)
rNeg    . . .      Spirit   .   i - +2 ring mail {rPois}
rPois   +          Reflect  .   (no helmet)
rElec   .          Harm     .   (no cloak)
rCorr   .          Rampage  .   (no gloves)
Will    .....                   (no boots)
Stlth   ..........              o - amulet of regeneration
HPRegen 1.23/turn               (no ring)
MPRegen 0.10/turn               (no ring)

@: mighty, berserking, lethally poisoned (-4 -> -8), flying, very quick
A: (nimble swimmer 2), mertail
a: Renounce Religion, Recite, Vitalisation, Imprison, Donate Gold


You were on level 7 of the Dungeon.
You worshipped Zin.
Zin was most pleased with you.
You visited 1 branch of the dungeon, and saw 7 of its levels.

You collected 233 gold pieces.
You donated 23 gold pieces to Zin.

Inventory:

Hand Weapons
 l - a +0 trident
 w - the +9 long sword "Yvotozu" (weapon) {vorpal, rPois rC++ Dex+4}
   (You found it on level 4 of the Dungeon)

   It inflicts extra damage upon your enemies.
   Dex:       It affects your dexterity (+4).
   rC:        It greatly protects you from cold.
   rPois:     It protects you from poison.
Missiles
 m - 10 poisoned darts (quivered)
Armour
 i - a +2 ring mail of poison resistance (worn)
Jewellery
 o - an amulet of regeneration (around neck)
 v - a ring of fire
 x - a +6 ring of intelligence
Wands
 g - a wand of digging (3)
 h - a wand of paralysis (6)
 s - a wand of flame (20)
Scrolls
 b - a scroll of holy word {unknown}
 c - a scroll of fog
 d - a scroll of magic mapping
 e - 2 scrolls of fear
 j - a scroll of immolation {unknown}
 p - 3 scrolls of teleportation {unknown}
 r - 2 scrolls of identify
 t - a scroll of summoning {unknown}
 u - a scroll of blinking {unknown}
Potions
 f - a potion of haste
 k - 2 potions of attraction
 q - a potion of flight
 z - a potion of resistance {unknown}
 A - a potion of lignification {unknown}


   Skills:
 * Level 3.6 Fighting
 + Level 10.8 Polearms
 + Level 0.2 Armour
 + Level 2.9 Dodging
 - Level 5.4 Stealth


You had 6 spell levels left.
You didn't know any spells.
Your spell library contained the following spells:

 Spells                   Type           Power      Damage    Failure   Level
 Shock                    Conj/Air       0%         1d3       61%         1
 Summon Small Mammal      Summ           0%         N/A       61%         1
 Call Canine Familiar     Summ           0%         N/A       93%         3
 Gell's Gravitas          Tloc           0%         N/A       93%         3
 Summon Guardian Golem    Hex/Summ       0%         N/A       93%         3
 Swiftness                Air            0%         N/A       93%         3
 Teleport Other           Tloc           0%         N/A       93%         3
 Airstrike                Air            0%         N/A       100%        4
 Dispersal                Tloc           0%         N/A       100%        6


Dungeon Overview and Level Annotations

Branches:
Dungeon (7/15)
 Temple: D:4-7

Altars:
Zin

Shops:
D:7 !

Annotations:
D:3 3 runed translucent doors, noothan's ghost, amateur TeWz


Innate Abilities, Weirdness & Mutations

((You are quick and stealthy near water. (Stealth+, EV+, Speed+++)))
Your lower body shifts to a powerful aquatic tail in water.


Message History

You feel sick.
The killer bee stings you but does no damage.
It was a potion of might.
You feel very mighty all of a sudden.
You feel sick. The killer bee barely misses you.
The killer bee closely misses you.
Unknown command.
You miss the killer bee.
You feel sick.
The killer bee stings you but does no damage.
The killer bee misses you.
The killer bee stings you but does no damage.
You closely miss the killer bee.
You feel sick. The killer bee closely misses you.
The killer bee stings you but does no damage.
The killer bee stings you.
Okay, then.
You slash the killer bee!
The killer bee is severely wounded.
You feel sick.
You are no longer poisoned.
The killer bee barely misses you. The killer bee stings you.
* * * LOW HITPOINT WARNING * * *
You are poisoned.
The killer bee poisons you! The killer bee stings you.
* * * LOW HITPOINT WARNING * * *
It was a potion of flight.
You feel very buoyant.
You fly up into the air.
You feel very sick. The killer bee misses you. The killer bee stings you.
* * * LOW HITPOINT WARNING * * *
Unknown command.
It was a potion of berserk rage.
A red film seems to cover your vision as you go berserk!
You feel yourself moving faster!
You feel mighty!
You feel sick. The killer bee stings you.
* * * LOW HITPOINT WARNING * * *
You are lethally poisoned!
The killer bee poisons you! The killer bee stings you.
You die...

#.. #..# #.. ##..#
..###..###...#
#..........#.#
#.....o..oy#.#
..###..###yFy# ### #..
##yy# #.# #.. ##y# ###.#
..) ##@###...#####
..##..##...##.#.##.###
....................#∩+
##################.#.###
#.#### #)# #.######
#......# ######.#


You could see a bullfrog, 6 killer bees and an orc.

Vanquished Creatures
  2 phantoms (D:5)
  A water moccasin skeleton (D:4)
  An orc priest (D:7)
  3 hounds
  A bullfrog skeleton (D:6)
  An iguana (D:5)
  A killer bee zombie (D:5)
  A hound zombie (D:5)
  5 adders
  A howler monkey skeleton (D:5)
  A worm (D:3)
  5 dart slugs
  12 orcs
  6 ball pythons
  6 endoplasms
  3 giant cockroaches
  9 goblins
  4 hobgoblins
  3 kobolds (D:1)
  A quokka (D:3)
  7 bats
  4 rats
78 creatures vanquished.

Notes
Turn   | Place    | Note
-------+----------+-------------------------------------------
     0 | D:5      | ragingrage the Merfolk Delver began the quest for the Orb.
     0 | D:5      | Reached XP level 1. HP: 18/18 MP: 1/1
    66 | D:5      | Noticed a hound
    80 | D:4      | Noticed a necrophage
    96 | D:4      | Noticed a hound
   202 | D:4      | Killed a hound
   203 | D:4      | Reached skill level 5 in Polearms
   203 | D:4      | Reached XP level 2. HP: 9/24 MP: 2/2
   203 | D:4      | Reached XP level 3. HP: 11/29 MP: 3/3
   489 | D:4      | Reached skill level 6 in Polearms
   489 | D:4      | Reached XP level 4. HP: 35/35 MP: 4/4
   883 | D:1      | Found a faded altar of an unknown god.
   929 | D:1      | Prayed at the altar of an unknown god.
   929 | D:1      | Became a worshipper of Zin the Law-Giver
   929 | D:1      | Reached * piety under Zin
  1224 | D:1      | Reached skill level 7 in Polearms
  1721 | D:2      | Reached XP level 5. HP: 37/41 MP: 5/5
  2087 | D:2      | Reached ** piety under Zin
  2481 | D:3      | Found a runed translucent gate.
  2481 | D:3      | Found a runed translucent gate.
  2482 | D:3      | Found a runed translucent gate.
  2482 | D:3      | Noticed noothan's ghost (amateur TeWz)
  3210 | D:4      | Reached skill level 8 in Polearms
  3244 | D:4      | Identified the +9 long sword "Yvotozu" {vorpal, rPois rC++
                  | Dex+4}
  3506 | D:4      | Reached *** piety under Zin
  3652 | D:5      | Reached XP level 6. HP: 47/47 MP: 6/6
  3704 | D:5      | Reached skill level 9 in Polearms
  3748 | D:5      | Reached skill level 10 in Polearms
  3803 | D:5      | Reached XP level 7. HP: 46/52 MP: 7/7
  3971 | D:6      | Noticed a wraith
  4030 | D:7      | Found Teiwo's Distillery.
  4065 | D:7      | HP: 1/78 [killer bee (5)]
  4065 | D:7      | Slain by a killer bee

Illustrated notes

Levels and vault maps discovered:
D:1:      matt_arrival_spirals, layout_basic, basic_ecumenical_altar
D:2:      layout_basic, minmay_misc_feat_iff
D:3:      layout_basic, ebering_ghost_rock_garden
D:4:      layout_basic, minmay_ruptured
D:5:      layout_gridville
D:6:      layout_basic, lemuel_temple_firewalk_b, serial_bayou_lake_a
D:7:      layout_basic, serial_shops, shop_statue, nicolae_shop_crystal,
          kennysheep_mini_moat, nicolae_shop_window_shopping,
          nicolae_shop_window_shopping, minivault_10, st_stairs_8,
          palyth_stone_intersect

Skill      XL: |  1  2  3  4  5  6 |
---------------+-------------------+-----
Polearms       | 5 6 7 8 10 | 10.8
Fighting       | |  3.6
Armour         | |  0.2
Dodging        | |  2.9
Stealth        | |  5.4

Action                   |  1- 3 |  4- 6 |  7- 9 || total
-------------------------+-------+-------+-------++-------
Melee: Spear             |    18 |    31 |       ||    49
       Trident           |       |   162 |       ||   162
       Long sword        |       |    27 |    27 ||    54
Evoke: Wand              |     1 |       |       ||     1
  Use: Scroll            |       |     2 |       ||     2
       Potion            |       |       |     3 ||     3
 Stab: Paralysed         |     2 |       |       ||     2
       Sleeping          |     2 |    22 |       ||    24
       Distracted        |       |       |     1 ||     1
Armor: Ring mail         |     4 |    80 |    16 ||   100
Dodge: Dodged            |     2 |    99 |    34 ||   135

Table legend: (Time is in decaauts)
 A = Elapsed time spent in this place.
 B = Non-inter-level travel time spent in this place.
 C = Inter-level travel time spent in this place.
 D = Time resting spent in this place.
 E = Time spent auto-exploring this place.
 F = Levels seen in this place.
 G = Mean time per level.
                   A        B        C        D        E       F      G
               +--------+--------+--------+--------+--------+-----+--------+
         Total |   4069 |   3887 |    182 |    333 |   2784 |   7 |  581.3 |
       Dungeon |   4069 |   3887 |    182 |    333 |   2784 |   7 |  581.3 |
               +--------+--------+--------+--------+--------+-----+--------+

Top non-repeatable levels by time:
     D:4: 969 daAuts
     D:3: 963 daAuts
     D:1: 894 daAuts
     D:2: 625 daAuts
     D:5: 488 daAuts
     D:7: 90 daAuts
     D:6: 37 daAuts
